 Dungeon Crawl Stone Soup version 0.24.1-1-gd1d2a07e1b (webtiles) character file.

Game seed: 7826472705175449649, levelgen mode: deterministic

31 MajorAdolf the Sneak (level 3, 0/34 HPs)
             Began as a Naga Wanderer on Apr 9, 2020.
             Slain by a jelly (2 damage)
             ... on level 2 of the Dungeon.
             The game lasted 00:02:24 (1380 turns).

MajorAdolf the Sneak (Naga Wanderer)                Turns: 1380, Time: 00:02:25

Health: 0/34       AC: -7    Str: 16    XL:     3   Next: 22%
Magic:  3/3        EV:  8    Int: 11    God:
Gold:   79         SH:  0    Dex: 10    Spells: 2/2 levels left

rFire    . . .     SeeInvis +   a - +2 spear
rCold    . . .     Gourm    .   (no shield)
rNeg     . . .     Faith    .   b - +1 ring mail
rPois    +         Spirit   .   (no helmet)
rElec    .         Reflect  .   (no cloak)
rCorr    .         Harm     .   (no gloves)
MR       .....                  (no barding)
Stlth    ++........             (no amulet)
HPRegen  0.11/turn              (no ring)
MPRegen  0.08/turn              (no ring)

@: corroded, flying, very slow
A: large, see invisible, deformed body, poison resistance, slowness 2, slow
metabolism 1, spit poison 1, AC +1
a: Spit Poison


You were on level 2 of the Dungeon.
You were very hungry.

You visited 1 branch of the dungeon, and saw 2 of its levels.

You collected 79 gold pieces.

Inventory:

Hand Weapons
 a - a +2 spear (weapon)
Armour
 b - a +1 ring mail (worn)
Jewellery
 d - an uncursed ring of protection from magic {unknown}
Scrolls
 c - 3 scrolls of remove curse
 e - a scroll of enchant armour
Potions
 g - a potion of brilliance
 j - a potion of flight
 k - a potion of degeneration {unknown}
Comestibles
 f - 9 rations


   Skills:
 - Level 3.0 Fighting
   Level 1.0 Maces & Flails
 - Level 3.0 Polearms
 + Level 1.6 Armour
 + Level 1.1 Dodging
 + Level 4.0 Stealth


You had 2 spell levels left.
You didn't know any spells.
Your spell library was empty.

Dungeon Overview and Level Annotations

Branches:
Dungeon (2/15)

Altars:


Innate Abilities, Weirdness & Mutations

You cannot wear boots.
Your serpentine skin is tough. (AC +1)
You have supernaturally acute eyesight. (SInv)
Armour fits poorly on your strangely shaped body.
Your system is resistant to poisons. (rPois)
You cover ground very slowly.
You have a slow metabolism.
You can spit poison.


Message History

The jelly hits you but does no damage.
You hit the jelly.
Your hands burn!
The jelly is heavily wounded.
The jelly hits you. The acid corrodes you!
You are splashed with acid!
Okay, then.
Okay, then.
You hit the jelly. The acid corrodes you!
Your hands burn!
The jelly is severely wounded.
The jelly barely misses you.
You hit the jelly.
Your hands burn!
The jelly is severely wounded.
The jelly hits you.
* * * LOW HITPOINT WARNING * * *
The acid corrodes you!
You are splashed with acid!
* * * LOW HITPOINT WARNING * * *
Okay, then.
It was a potion of flight.
You feel very buoyant.
You fly up into the air.
The jelly hits you.
You die...

#.........##
+.........'
......... .......
..... ... #'# #J#
#@# #######.##
.........##
#.........#
#.####...#######
.#.#.............
.....###.#######.
.........#
#.......#


You could see a jelly.

Vanquished Creatures
  A dart slug (D:1)
  A giant cockroach (D:1)
  4 goblins
  5 hobgoblins (D:1)
  4 jackals (D:1)
  3 bats (D:1)
  2 frilled lizards
  3 kobolds
  2 rats (D:1)
25 creatures vanquished.

Notes
Turn   | Place    | Note
-------+----------+-------------------------------------------
     0 | D:1      | MajorAdolf the Naga Wanderer began the quest for the Orb.
     0 | D:1      | MajorAdolf set off with the following items: a +2 spear, a
                  | +0 ring mail, a +0 mace, a +0 dagger, a ration
     0 | D:1      | Reached XP level 1. HP: 21/21 MP: 1/1
   230 | D:1      | Reached XP level 2. HP: 25/28 MP: 2/2
   626 | D:1      | Reached skill level 1 in Dodging
   652 | D:1      | Reached XP level 3. HP: 34/34 MP: 3/3
  1154 | D:2      | Reached skill level 4 in Stealth
  1380 | D:2      | Slain by a jelly

Levels and vault maps discovered:
D:1:      dpeg_arrival_rooms_a, layout_basic
D:2:      minmay_chambers_of_ones, layout_loops_corners

Skill      XL: |  1  2  3 |
---------------+----------+-----
Dodging        | 1 |  1.1
Stealth        | 4 |  4.0
Fighting       | |  3.0
Maces & Flails | |  1.0
Polearms       | |  3.0
Armour         | |  1.6

Action                   || total
-------------------------++-------
Melee: Spear             ||    90
 Abil: Spit Poison       ||     3
  Use: Scroll            ||     6
       Potion            ||     1
Armor: Ring mail         ||    20
Dodge: Dodged            ||    40
